 Dungeon Crawl Stone Soup version 0.31-a0-188-g5e087ee2ca (webtiles) character file.

Game seed: 2664496319725369221

28 senseless the Covert (level 3, -1/35 HPs)
             Began as a Gnoll Delver on June 23, 2023.
             Slain by a river rat (4 damage)
             ... summoned by Eustachio
             ... on level 5 of the Dungeon.
             The game lasted 00:01:07 (129 turns).

senseless the Covert (Gnoll Delver)                  Turns: 129, Time: 00:01:08

Health: -1/35      AC:  3    Str: 13    XL:     3   Next: 12%
Magic:  4/4        EV: 13    Int:  9    God:
Gold:   17         SH:  0    Dex: 13    Spells: 3/3 levels left

rFire   . . .        a - +0 hand axe
rCold   . . .        (no shield)
rNeg    . . .        b - +0 leather armour
rPois   .            (no helmet)
rElec   .            (no cloak)
rCorr   .            (no gloves)
SInv    .            (no boots)
Will    .....        (no amulet)
Stlth   ++++         (no ring)
HPRegen 0.25/turn    (no ring)
MPRegen 0.09/turn

%: no passive effects
@: no status effects
A: fangs 1, strong nose, distributed training
a: no special abilities


You were on level 5 of the Dungeon.
You visited 1 branch of the dungeon, and saw 1 of its levels.

You collected 17 gold pieces.

Inventory:

Hand Weapons
 a - a +0 hand axe (weapon)
Armour
 b - a +0 leather armour (worn)
Wands
 g - a wand of digging (3)
Scrolls
 c - a scroll of fog
 d - a scroll of revelation
 e - a scroll of fear
 h - a scroll of identify {unknown}
 i - a scroll of enchant armour {unknown}
Potions
 f - a potion of haste


   Skills:
 + Level 6.5 Fighting
 + Level 0.7 Short Blades
 + Level 0.7 Long Blades
 + Level 4.5 Axes
 + Level 0.7 Maces & Flails
 + Level 0.7 Polearms
 + Level 0.7 Staves
 + Level 0.7 Ranged Weapons
 + Level 0.7 Throwing
 + Level 0.7 Armour
 + Level 4.5 Dodging
 + Level 9.5 Stealth
 + Level 0.7 Shields
 + Level 0.7 Unarmed Combat
 + Level 0.7 Spellcasting
 + Level 0.5 Conjurations
 + Level 0.5 Hexes
 + Level 0.5 Summonings
 + Level 0.5 Necromancy
 + Level 0.5 Translocations
 + Level 0.5 Transmutations
 + Level 0.5 Fire Magic
 + Level 0.5 Ice Magic
 + Level 0.5 Air Magic
 + Level 0.5 Earth Magic
 + Level 0.5 Poison Magic
 + Level 0.9 Invocations
 + Level 0.7 Evocations


You had 3 spell levels left.
You didn't know any spells.
Your spell library was empty.

Dungeon Overview and Level Annotations

Branches:
Dungeon (5/15)
 Temple: D:4-7

Altars:

Annotations:
D:5 Eustachio


Innate Abilities, Weirdness & Mutations

You have very sharp teeth.
Your uncanny sense of smell can sniff out nearby items.
Your experience applies equally to all skills.


Message History

You hit the crimson imp.
Eustachio mumbles some strange words.
The crimson imp hits you.
You hit Eustachio but do no damage. Your bite misses Eustachio.
Eustachio is moderately wounded.
You hit the crimson imp but do no damage.
Eustachio casts a spell.
Eustachio blinks!
The crimson imp hits you. The bat barely misses you.
You closely miss the river rat.
You bite the river rat, but do no damage.
You closely miss the bat. You closely miss the crimson imp.
The crimson imp disappears in a puff of smoke!
The bat hits you but does no damage.
Eustachio mumbles some strange words.
Eustachio blinks!
The river rat barely misses you. The bat closely misses you.
The river rat attacks as you move away!
The river rat bites you but does no damage.
You hit the river rat but do no damage. Your bite misses the river rat.
The river rat barely misses you.
Eustachio brags, "I can call spirits from the vasty deep."
You hit the river rat.
You bite the river rat, but do no damage.
The river rat is lightly wounded.
The river rat bites you.
* * * LOW HITPOINT WARNING * * *
You hit the river rat but do no damage. Your bite misses the river rat.
The river rat is lightly wounded.
The river rat bites you.
* * * LOW HITPOINT WARNING * * *
Eustachio mumbles some strange words.
Eustachio blinks!
You hit the river rat.
The river rat is heavily wounded.
The river rat bites you.
* * * LOW HITPOINT WARNING * * *
You barely miss the river rat.
The river rat is heavily wounded.
The river rat bites you.
You die...

#.# #.## .#### #.###..#######
.... ..####.....#......# ##..#
# .......##.###.###.####...#
.### ###.#..#>##
##.........#####...
..........###............#...
.##.#......#.####b#......#.#
#.##..####.#####r#.####...#####
..# #...........@.#.# ##......#
.#
###############.##########.## .
#.##..(........ #.##.####......
#. #.##.## ####.##.##
#.....#.## #.###.#.## .. #.....


You could see a river rat (summoned) and a bat (summoned).

Vanquished Creatures
  A hound (D:5)
1 creature vanquished.

Notes
Turn   | Place    | Note
-------+----------+-------------------------------------------
     0 | D:5      | Reached skill level 9 in Stealth
     0 | D:5      | senseless the Gnoll Delver began the quest for the Orb.
     0 | D:5      | Reached XP level 1. HP: 23/23 MP: 1/1
     7 | D:5      | Noticed a jelly
    40 | D:5      | Noticed Eustachio
    45 | D:5      | Noticed a hound
    48 | D:5      | Killed a hound
    49 | D:5      | Reached XP level 2. HP: 29/29 MP: 1/3
    49 | D:5      | Reached XP level 3. HP: 35/35 MP: 1/4
   129 | D:5      | Slain by a river rat

Illustrated notes

Levels and vault maps discovered:
D:5:      layout_loops_ring, uniq_menkaure, uniq_eustachio

Skill      XL: | |
---------------+-+-----
Stealth        | |  9.5
Fighting       | |  6.5
Short Blades   | |  0.7
Long Blades    | |  0.7
Axes           | |  4.5
Maces & Flails | |  0.7
Polearms       | |  0.7
Staves         | |  0.7
Ranged Weapons | |  0.7
Throwing       | |  0.7
Armour         | |  0.7
Dodging        | |  4.5
Shields        | |  0.7
Unarmed Combat | |  0.7
Spellcasting   | |  0.7
Conjurations   | |  0.5
Hexes          | |  0.5
Summonings     | |  0.5
Necromancy     | |  0.5
Translocations | |  0.5
Transmutations | |  0.5
Fire Magic     | |  0.5
Ice Magic      | |  0.5
Air Magic      | |  0.5
Earth Magic    | |  0.5
Poison Magic   | |  0.5
Invocations    | |  0.9
Evocations     | |  0.7

Action                     || total
---------------------------++-------
  Melee: Hand axe          ||    21
         Bite              ||     4
         Punch             ||     1
   Stab: Sleeping          ||     2
 Armour: Leather armour    ||     2
  Dodge: Dodged            ||    11

Table legend: (Time is in decaauts)
 A = Elapsed time spent in this place.
 B = Non-inter-level travel time spent in this place.
 C = Inter-level travel time spent in this place.
 D = Time resting spent in this place.
 E = Time spent auto-exploring this place.
 F = Levels seen in this place.
 G = Mean time per level.
                   A        B        C        D        E       F      G
               +--------+--------+--------+--------+--------+-----+--------+
         Total |    130 |    130 |      0 |      0 |     60 |   1 |  130.0 |
       Dungeon |    130 |    130 |      0 |      0 |     60 |   1 |  130.0 |
               +--------+--------+--------+--------+--------+-----+--------+

Top non-repeatable levels by time:
     D:5: 130 daAuts
